 Dungeon Crawl Stone Soup version 0.27-a0-828-g8289197e94 (webtiles) character file.

Game seed: 6366420251984478159

200 polve the Changer (level 5, -6/37 (40) HPs)
             Began as a Draconian Transmuter on Mar 30, 2021.
             Mangled by a gnoll
             ... wielding a +0 flail
              (9 damage)
             ... on level 3 of the Dungeon.
             The game lasted 00:03:06 (3545 turns).

polve the Changer (Draconian Transmuter)            Turns: 3545, Time: 00:03:06

HP:   -6/37 (40)    AC:  5    Str: 12    XL:     5   Next: 49%
MP:   8/8           EV: 12    Int: 14    God:
Gold: 155           SH:  0    Dex: 12    Spells: 0/8 levels left

rFire    . . .     SeeInvis .     - Unarmed
rCold    . . .     Faith    .   (no shield)
rNeg     . . .     Spirit   .   (armour unavailable)
rPois    .         Reflect  .   (helmet currently unavailable)
rElec    .         Harm     .   (no cloak)
rCorr    .         Rampage  .   (no gloves)
Will     .....                  (boots currently unavailable)
Stlth    +.........             (no amulet)
HPRegen  0.12/turn              (no ring)
MPRegen  0.11/turn              (no ring)

@: appendages (expiring), drained
A: talons 2, AC +5, unfitting armour, cold-blooded, horns 1, subdued magic 1,
MP-powered wands
a: End Transformation


You were on level 3 of the Dungeon.
You had temporarily grown beastly talons.
You visited 1 branch of the dungeon, and saw 4 of its levels.

You collected 155 gold pieces.

Inventory:

Scrolls
 b - 4 scrolls of identify {unknown}
 c - a scroll of immolation {unknown}
 e - a scroll of noise {unknown}
 f - a scroll of summoning {unknown}
 g - a scroll of holy word {unknown}
Potions
 a - a potion of lignification {unknown}
 h - a potion of heal wounds {unknown}


   Skills:
 - Level 1.1 Fighting
 - Level 1.7 Dodging
 - Level 3.0 Unarmed Combat
 - Level 2.0 Spellcasting
 + Level 5.8 Transmutations


You couldn't memorise any spells.
You knew the following spells:

 Your Spells              Type           Power      Damage    Failure   Level
a - Beastly Appendage     Tmut           26%        N/A       1%          1
b - Hydra Form            Tmut           6%         N/A       47%         5
z - Wereblood             Tmut           13%        N/A       2%          2

Your spell library contained the following spells:

 Spells                   Type           Power      Damage    Failure   Level
 Spider Form              Tmut/Pois      3%         N/A       19%         3
 Magic Dart               Conj           4%         1d3       21%         1
 Blink                    Tloc           N/A        N/A       30%         2
 Call Imp                 Summ           1%         N/A       30%         2
 Slow                     Hex            1%         N/A       30%         2
 Conjure Flame            Conj/Fire      1%         6-21      52%         3
 Mephitic Cloud           Conj/Pois/Air  1%         N/A       52%         3
 Ice Form                 Ice/Tmut       7%         N/A       52%         4


Dungeon Overview and Level Annotations

Branches:
Dungeon (4/15)
 Temple: D:4-7

Altars:

Shops:
D:2 [


Innate Abilities, Weirdness & Mutations

You have temporarily grown beastly talons.
Your plain brown scales are hard. (AC +5)
You cannot fit into any form of body armour.
You are cold-blooded and may be slowed by cold attacks.
You have a pair of small horns on your head.
Your spells are a little easier to cast, but a little less powerful.
You expend magic power (3 MP) to strengthen your wands.


Message History

You are too injured to fight recklessly!
You are too injured to fight recklessly!
You are too injured to fight recklessly!
You are too injured to fight recklessly!
You are too injured to fight recklessly!
You are too injured to fight recklessly!
You are too injured to fight recklessly!
You are too injured to fight recklessly!
You are too injured to fight recklessly!
You are too injured to fight recklessly!
Casting: Beastly Appendage (safe; 1% risk of failure)
Confirm with . or Enter, or press ? or * to list all spells.
Your feet morph into talons.
The gnoll hits you with a +0 flail.
You closely miss the gnoll. You claw the gnoll. You tail-slap the gnoll.
The gnoll is severely wounded.
A gnoll comes into view. It is wielding a +0 flail.
The gnoll barely misses you.
The gnoll shouts!
You hit the gnoll. You claw the gnoll, but do no damage.
The gnoll is almost dead.
You hear a shout! x2
You completely miss the gnoll.
The gnoll is almost dead.
You hear a shout!
The gnoll hits you with a +0 flail!
You hear a zap.
You hear a grinding noise.
A gnoll comes into view. It is wielding a +0 flail.
There is a stone staircase leading up here.
The gnoll hits you with a +0 flail!
* * * LOW HITPOINT WARNING * * *
You climb upwards.
There is a stone staircase leading down here.
You barely miss the gnoll. Your kick misses the gnoll.
The gnoll is almost dead.
Your transformation is almost over.
The gnoll hits you but does no damage.
You closely miss the gnoll.
The gnoll is almost dead.
The gnoll hits you with a +0 flail!
You die...

##.#.###..##.####.....#
....#.##..#..........##
##...###..#..######.##
##.## #....>....##.#
#.# ##....###.##.# #.#
####.# #.##.# #.# #.#
#.##.# ##.# #.#
#.##.### #..#
#.###@g....# #.##
#..#####.#.# #.# ##.#
#.#.# #.# #.## #.#.#
#.# #..## #.#.# #.#
######...###.#.# #.#
#..............#
##.#####.####...###.###
.........# ##.####.#


You could see a gnoll.

Vanquished Creatures
  Purgy (D:3)
  An orc wizard (D:3)
  An adder (D:3)
  A worm (D:3)
  9 orcs
  4 ball pythons
  2 endoplasms (D:3)
  3 giant cockroaches
  5 goblins
  9 hobgoblins
  3 kobolds
  4 quokkas
  7 bats
  4 frilled lizards
  3 rats
57 creatures vanquished.

Notes
Turn   | Place    | Note
-------+----------+-------------------------------------------
     0 | D:1      | polve the Draconian Transmuter began the quest for the Orb.
     0 | D:1      | Reached XP level 1. HP: 16/16 MP: 3/3
   126 | D:1      | You fall into a shaft and drop 1 floor!
   131 | D:2      | Found Juitri's Armour Shop.
   562 | D:1      | Reached XP level 2. HP: 20/23 MP: 5/5
   911 | D:1      | Reached skill level 3 in Transmutations
  1279 | D:2      | HP: 1/23 [orc/+0 hand axe (3)]
  1283 | D:2      | Reached XP level 3. HP: 1/28 MP: 6/6
  2016 | D:2      | Learned a level 2 spell: Wereblood
  2060 | D:3      | Noticed Purgy
  2066 | D:3      | Gained mutation: Your spells are a little easier to cast,
                  | but a little less powerful. [potion of mutation]
  2066 | D:3      | Gained mutation: You have a pair of large horns on your
                  | head. [potion of mutation]
  2066 | D:3      | Gained mutation: You expend magic power (3 MP) to
                  | strengthen your wands. [potion of mutation]
  2078 | D:3      | Killed Purgy
  2079 | D:3      | Reached skill level 5 in Transmutations
  2079 | D:3      | Reached XP level 4. HP: 14/35 MP: 7/7
  2446 | D:3      | Reached XP level 5. HP: 40/40 MP: 8/8
  2452 | D:3      | Learned a level 5 spell: Hydra Form
  3545 | D:3      | Mangled by a gnoll

Illustrated notes

Levels and vault maps discovered:
D:1:      dpeg_chamrin_arrival_tetris, layout_basic
D:2:      layout_loops_ring, serial_shops, shop
D:3:      layout_loops_ring, uniq_purgy
D:4:      layout_loops_cross, minmay_temple_entry_hall, uniq_ijyb

Skill      XL: |  1  2  3 |
---------------+----------+-----
Transmutations | 3 5 |  5.8
Fighting       | |  1.1
Dodging        | |  1.7
Unarmed Combat | |  3.0
Spellcasting   | |  2.0

Action                   |  1- 3 |  4- 6 || total
-------------------------+-------+-------++-------
Melee: Unarmed           |   125 |   110 ||   235
       Tailslap          |    12 |    12 ||    24
       Kick              |     8 |     9 ||    17
       Headbutt          |     6 |    10 ||    16
       Punch             |     1 |     2 ||     3
 Cast: Beastly Appendage |     5 |     4 ||     9
  Use: Potion            |     3 |       ||     3
 Stab: Sleeping          |     1 |     1 ||     2
Armor: Skin              |    46 |    28 ||    74
Dodge: Dodged            |   107 |    54 ||   161

Table legend: (Time is in decaauts)
 A = Elapsed time spent in this place.
 B = Non-inter-level travel time spent in this place.
 C = Inter-level travel time spent in this place.
 D = Time resting spent in this place.
 E = Time spent auto-exploring this place.
 F = Levels seen in this place.
 G = Mean time per level.
                   A        B        C        D        E       F      G
               +--------+--------+--------+--------+--------+-----+--------+
         Total |   3535 |   3471 |     64 |      0 |   2978 |   4 |  883.8 |
       Dungeon |   3535 |   3471 |     64 |      0 |   2978 |   4 |  883.8 |
               +--------+--------+--------+--------+--------+-----+--------+

Top non-repeatable levels by time:
     D:3: 1472 daAuts
     D:2: 1043 daAuts
     D:1: 988 daAuts
     D:4: 30 daAuts
